 Dungeon Crawl Stone Soup version 0.21.1-1-g345015f (webtiles) character file.

101 tyranidshit the Skirmisher (level 4, -11/39 HPs)
             Began as a Demonspawn Abyssal Knight on July 30, 2018.
             Was a Believer of Lugonu.
             Killed by divine providence
             ... invoked by an orc priest
              (15 damage)
             ... on level 4 of the Dungeon.
             The game lasted 00:03:46 (1456 turns).

tyranidshit the Skirmisher (DsAK)                   Turns: 1456, Time: 00:03:46

Health: -11/39     AC:  3    Str: 11 (13) XL:     4   Next: 48%
Magic:  6/6        EV: 13    Int: 13 (14) God:    Lugonu [**....]
Gold:   140        SH:  0    Dex: 10 (12) Spells: 3/3 levels left

rFire    . . .     SeeInvis .   a - +2 hand axe
rCold    . . .     Gourm    .   (no shield)
rNeg     . . .     Faith    +   b - +0 leather armour
rPois    .         Spirit   .   (no helmet)
rElec    .         Reflect  .   (no cloak)
rCorr    .         Harm     .   (no gloves)
MR       .....                  (no boots)
Stlth    +.........             f - amulet of faith
HPRegen  0.13/turn              (no ring)
MPRegen  0.10/turn              (no ring)

@: no status effects
A: repulsion field 1
a: Depart the Abyss, Bend Space, Renounce Religion


You were on level 4 of the Dungeon.
You worshipped Lugonu.
Lugonu was pleased with you.
You were not hungry.

You visited 1 branch of the dungeon, and saw 3 of its levels.
You visited the Abyss 1 time.

You collected 140 gold pieces.

Inventory:

Hand Weapons
 a - a +2 hand axe (weapon)
Armour
 b - a +0 leather armour (worn)
Jewellery
 f - an amulet of faith (around neck)
 g - an uncursed amulet of the gourmand
Scrolls
 d - a scroll of teleportation
Potions
 e - 2 potions of flight
Comestibles
 c - 5 rations


   Skills:
 - Level 5.2 Fighting
 - Level 1.7 Axes
 - Level 1.7 Armour
 - Level 0.8 Dodging
 + Level 2.8 Invocations


You had 3 spell levels left.
You didn't know any spells.

Dungeon Overview and Level Annotations

Branches:
Dungeon (2/15)             Temple (0/1) D:4

Altars:


Innate Abilities, Weirdness & Mutations

You are surrounded by a mild repulsion field. (EV +2)


Message History

You are no longer poisoned.
Found 13 gold pieces.
A ball python comes into view.
The ball python hisses angrily.
The leopard gecko misses you.
Found a scroll of identify.
Found 11 gold pieces.
A centaur skeleton comes into view.
Found a scroll labeled WIUSOYG KIGOEL and 16 arrows.
The leopard gecko bites you.
* * * LOW HITPOINT WARNING * * *
The leopard gecko bites you but does no damage.
The orc priest looks encouraged for a moment.
An adder comes into view.
The adder hisses angrily.
The adder moves out of view.
The leopard gecko hisses menacingly.
The orc priest mumbles some strange prayers to Beogh against you.
Beogh smites you!
You die...

##### #...# ##...#
.. . #....# ...
.S##....# ...
........## #.###
.........##.....
#.#.@........
##..(l.?....#
##...........#
#.....l.S....#.
#.....Z........
.............### ..
##...........# ..#
#.#...#oo...###.##.
#.###...$##........


You could see 2 orc priests, an adder, a leopard gecko, a ball python, a frilled
lizard and a centaur skeleton.

Vanquished Creatures
  Terence (D:2)
  2 adders (D:2)
  An ooze (D:2)
  A worm (D:2)
  2 dart slugs
  3 leopard geckos
  A giant cockroach (D:2)
  7 goblins
  5 hobgoblins
  4 jackals (D:2)
  4 kobolds
  2 quokkas (D:2)
  A ball python (D:1)
  2 bats
  3 frilled lizards
  2 rats (D:1)
41 creatures vanquished.

Notes
Turn   | Place    | Note
-------+----------+-------------------------------------------
     0 | Abyss:1  | tyranidshit the Demonspawn Abyssal Knight began the quest for the Orb.
     0 | Abyss:1  | Reached XP level 1. HP: 18/18 MP: 2/2
    50 | Abyss:1  | Noticed a spatial vortex
    51 | Abyss:1  | Noticed a raiju
    51 | Abyss:1  | Noticed a spatial maelstrom
    52 | D:1      | Escaped the Abyss
   294 | D:1      | Gained mutation: You are surrounded by a mild repulsion field. (EV +2) [demonic ancestry]
   294 | D:1      | Reached XP level 2. HP: 10/24 MP: 3/3
   331 | D:1      | Reached * piety under Lugonu
   630 | D:1      | Reached skill level 4 in Fighting
   832 | D:2      | Reached XP level 3. HP: 18/30 MP: 4/4
  1115 | D:2      | Noticed Terence
  1133 | D:2      | Killed Terence
  1133 | D:2      | Reached ** piety under Lugonu
  1133 | D:2      | Reached skill level 5 in Fighting
  1133 | D:2      | Reached XP level 4. HP: 9/39 MP: 5/5
  1223 | D:2      | HP: 1/39 [leopard gecko (5)]
  1428 | D:2      | You fall through a shaft for 2 floors!
  1439 | D:4      | Found a staircase to the Ecumenical Temple.
  1456 | D:4      | Killed from afar by an orc priest

Skill      XL: |  1  2  3 |
---------------+----------+-----
Fighting       | 4 5 |  5.2
Axes           | |  1.7
Armour         | |  1.7
Dodging        | |  0.8
Invocations    | |  2.8

Action                   |  1- 3 |  4- 6 || total
-------------------------+-------+-------++-------
Melee: Hand axe          |    86 |    25 ||   111
Invok: Depart the Abyss  |     1 |       ||     1
       Bend Space        |       |     1 ||     1
  Use: Potion            |     4 |       ||     4
       Scroll            |     4 |     1 ||     5
  Eat: Ration            |     1 |       ||     1
Armor: Leather armour    |    18 |    12 ||    30
       Skin              |     5 |       ||     5
Dodge: Dodged            |    67 |    39 ||   106
